 Dungeon Crawl Stone Soup version 0.25-b1-46-gb8a1ec05df (webtiles) character file.

Game seed: 9955944059550558341

20510 nikku the Warrior (level 12, -19/119 HPs)
             Began as a Minotaur Berserker on June 12, 2020.
             Was an Elder of Trog.
             Demolished by a komodo dragon (21 damage)
             ... on level 1 of the Lair of Beasts.
             The game lasted 00:50:27 (13743 turns).

nikku the Warrior (Minotaur Berserker)             Turns: 13743, Time: 00:50:27

Health: -19/119    AC: 19    Str: 26    XL:     12   Next: 46%
Magic:  11/11      EV:  9    Int:  5    God:    Trog [****..]
Gold:   627        SH: 14    Dex: 20    Spells: 11/11 levels left

rFire    + + .     SeeInvis .   a - +1 war axe of a Million Planets {freeze, +Inv Dex+6}
rCold    + + .     Gourm    .   p - +1 kite shield
rNeg     . . .     Faith    .   D - +1 chain mail {rC+}
rPois    +         Spirit   .   (helmet restricted)
rElec    +         Reflect  .   h - +1 cloak of Xunnor {Dex+4}
rCorr    +         Harm     .   (no gloves)
MR       +++..                  (no boots)
Stlth    ..........             (no amulet)
HPRegen  1.29/turn              i - ring of protection from fire
MPRegen  0.12/turn              f - ring "Xonaosh" {MR+ AC+4}

@: about to teleport, resistant, regenerating
A: retaliatory headbutt, horns 2
a: Berserk, Trog's Hand, Brothers in Arms, Renounce Religion, Evoke Invisibility


You were on level 1 of the Lair of Beasts.
You worshipped Trog.
Trog was greatly pleased with you.
You were hungry.

You visited 2 branches of the dungeon, and saw 13 of its levels.
You also visited: Sewer.

You collected 627 gold pieces.

Inventory:

Hand Weapons
 a - the +1 war axe of a Million Planets (weapon) {freeze, +Inv Dex+6}
   (You found it on level 9 of the Dungeon)

   It has been specially enchanted to freeze those struck by it, causing extra
   injury to most foes and up to half again as much damage against particularly
   susceptible opponents.
   It can also slow down cold-blooded creatures.
   It affects your dexterity (+6).
   It lets you turn invisible.
 b - a +3 spear of flaming
 t - a +1 antimagic broad axe
Missiles
 y - 9 javelins (quivered)
 z - 10 curare-tipped darts
 C - 21 poisoned darts
Armour
 h - the +1 cloak of Xunnor (worn) {Dex+4}
   (You found it on level 12 of the Dungeon)

   It affects your dexterity (+4).
 p - a +1 kite shield (worn)
 A - a +0 plate armour
 D - a +1 chain mail of cold resistance (worn)
Jewellery
 f - the ring "Xonaosh" (right hand) {MR+ AC+4}
   (You acquired it on level 12 of the Dungeon)

   [ring of protection]

   It affects your AC (+4).
   It affects your resistance to hostile enchantments.
 i - a ring of protection from fire (left hand)
 s - the ring "Hiofa" {rF+ rN+ MR++ rCorr Slay-5}
   (You found it on level 4 of the Dungeon)

   [ring of resist corrosion]

   It affects your accuracy and damage with ranged weapons and melee attacks
   (-5).
   It protects you from fire.
   It protects you from negative energy.
   It affects your resistance to hostile enchantments.
   It provides partial protection from all sources of acid and corrosion.
 w - an uncursed ring of ice
Wands
 j - a wand of iceblast (7)
 k - a wand of paralysis (24)
 u - a wand of polymorph (9)
Scrolls
 d - 3 scrolls of identify
 g - 5 scrolls of remove curse
 n - 7 scrolls of teleportation
 q - a scroll of magic mapping
 x - 2 scrolls of immolation
Potions
 e - 2 potions of mutation
 l - a potion of resistance
 m - a potion of ambrosia {unknown}
 o - 3 potions of lignification
 r - a potion of invisibility
 v - 2 potions of cancellation {unknown}
 E - 2 potions of heal wounds {unknown}
Comestibles
 c - 20 rations
 B - 3 chunks of flesh


   Skills:
 * Level 15.1 Fighting
 + Level 11.8(12.3) Axes
 - Level 6.1(9.8) Polearms
 + Level 11.1 Armour
 - Level 2.1 Dodging
 + Level 9.9 Shields


You had 11 spell levels left.
You didn't know any spells.
Your spell library was empty.

Dungeon Overview and Level Annotations

Branches:
Dungeon (12/15)            Temple (0/1) D:4            Lair (1/6) D:11
    Orc (0/2) D:10          Sewer (visited)

Altars:
Gozag
Trog

Shops:
D:12 [


Innate Abilities, Weirdness & Mutations

You reflexively headbutt those who attack you in melee.
You have a pair of horns on your head.


Message History

You are engulfed in flames.
You resist. The komodo dragon bites you!
* * * LOW HITPOINT WARNING * * *
Your skin crawls.
You feel resistant to hostile enchantments.
You are feeling hungry.
You block the molten gargoyle's attack. The komodo dragon bites you!!
* * * LOW HITPOINT WARNING * * *
You feel protected. The komodo dragon barely misses you.
You furiously retaliate!
You headbutt the komodo dragon.
The molten gargoyle hits you with a +0 morningstar.
* * * LOW HITPOINT WARNING * * *
You are engulfed in flames.
You resist.
* * * LOW HITPOINT WARNING * * *
Okay, then.
Unknown command.
Okay, then.
As you read the scroll of teleportation, it crumbles to dust.
You feel strangely unstable. The komodo dragon bites you!!
You die...

.........§§§.. #
.......##§###..##
#.#.≈≈≈≈...§§§§§≈#..##
#....≈#≈≈...§§§§≈≈#...
.....≈##≈..#§≈§§≈##.#
....≈≈≈≈...≈≈§≈≈##.##
#........#≈§≈≈§##..# .
#.......##.9##§..# ..
#...?......l@....#
...###....#...............
.....#.....................
...........................
...###.....................
#.####................ ##÷#
#................ #..#
#...............> ###.#
#..............(.


You could see a komodo dragon and a molten gargoyle.

Vanquished Creatures
  Harold (D:10)
  Fannar (Lair:1)
  A hydra (D:11)
  Erica (D:11)
  4 two-headed ogres
  Urug (D:11)
  Sonja (D:11)
  A manticore (D:11)
  Maurice (D:11)
  A black mamba (Lair:1)
  A centaur zombie (D:12)
  A gargoyle (D:10)
  2 kobold demonologists (D:11)
  2 spiny frogs (Lair:1)
  A hornet (D:8)
  A meliai zombie (D:12)
  3 hippogriffs
  Grum (D:11)
  10 yaks
  4 hungry ghosts
  3 wargs (D:10)
  A soldier ant (D:8)
  A water moccasin (D:10)
  3 orc warriors
  3 porcupines (D:11)
  2 sky beasts (D:11)
  An ice beast (D:8)
  2 black bears (D:11)
  3 ogres
  An eye of draining (D:9)
  19 wolves
  9 centaurs
  2 necrophages
  A crocodile (Lair:1)
  3 big kobolds
  12 bullfrogs
  A gnoll sergeant (D:9)
  A water moccasin zombie (D:8)
  4 scorpions
  A water moccasin skeleton (D:8)
  9 killer bees
  6 wights
  3 howler monkeys (D:10)
  5 crimson imps
  2 bullfrog zombies
  2 quasits
  3 bullfrog skeletons
  2 jellies
  10 orc priests
  5 hounds
  6 orc wizards
  A centaur skeleton (D:7)
  4 iguanas
  8 worker ants
  Terence (D:3)
  A hound zombie (D:5)
  Robin (D:2)
  12 gnolls
  12 adders
  A shadow imp (D:11)
  An ooze (D:1)
  An adder zombie (D:7)
  3 worms
  A dart slug (D:5)
  4 leopard geckos
  28 orcs
  11 giant cockroaches
  20 goblins
  6 hobgoblins
  8 jackals
  7 quokkas
  6 ball pythons
  23 bats
  10 frilled lizards
  18 kobolds
  A quokka zombie (D:10)
  12 rats
  3 fungi (D:11)
  A plant (D:11)
370 creatures vanquished.

Vanquished Creatures (others)
  8 fungi (D:11)
  3 plants (D:11)
11 creatures vanquished.

Grand Total: 381 creatures vanquished

Notes
Turn   | Place    | Note
-------+----------+-------------------------------------------
     0 | D:1      | nikku the Minotaur Berserker began the quest for the Orb.
     0 | D:1      | Reached XP level 1. HP: 19/19 MP: 0/0
   399 | D:1      | Reached XP level 2. HP: 27/27 MP: 1/1
   422 | D:1      | Reached skill level 4 in Fighting
   928 | D:1      | Reached XP level 3. HP: 29/33 MP: 2/2
   999 | D:1      | Reached ** piety under Trog
  1815 | D:2      | Noticed Robin
  1823 | D:2      | Killed Robin
  1823 | D:2      | Reached XP level 4. HP: 41/41 MP: 3/3
  2343 | D:3      | Reached *** piety under Trog
  2356 | D:3      | Noticed Terence
  2365 | D:3      | Killed Terence
  2365 | D:3      | Reached skill level 5 in Fighting
  2365 | D:3      | Reached skill level 5 in Axes
  2380 | D:3      | Reached XP level 5. HP: 40/48 MP: 4/4
  3053 | D:4      | Found a glowing drain.
  3069 | Sewer    | Entered a sewer
  3165 | Sewer    | Reached **** piety under Trog
  3315 | Sewer    | Reached XP level 6. HP: 56/57 MP: 5/5
  3512 | D:4      | Got a sparkling bone ring
  3548 | D:4      | Found a staircase to the Ecumenical Temple.
  3812 | D:4      | Reached skill level 6 in Fighting
  4231 | D:4      | Identified the ring "Hiofa" {rF+ rN+ MR++ rCorr Slay-5}
                  | (You found it on level 4 of the Dungeon)
  4277 | D:5      | Entered Level 5 of the Dungeon
  4284 | D:5      | Reached skill level 1 in Polearms
  4499 | D:5      | Reached XP level 7. HP: 52/64 MP: 6/6
  4511 | D:5      | Found an opulent altar of Gozag.
  5010 | D:6      | Reached skill level 7 in Fighting
  5010 | D:6      | Reached skill level 5 in Armour
  5369 | D:6      | Reached skill level 1 in Shields
  5921 | D:6      | Reached XP level 8. HP: 68/74 MP: 7/7
  6344 | D:7      | Reached skill level 8 in Fighting
  6446 | D:7      | Reached skill level 9 in Fighting
  6766 | D:7      | Reached XP level 9. HP: 83/83 MP: 8/8
  7615 | D:8      | Reached skill level 5 in Polearms
  7858 | D:8      | Reached skill level 10 in Fighting
  8234 | D:8      | Paralysed by a hornet for 3 turns
  8586 | D:8      | Reached skill level 5 in Shields
  8752 | D:9      | Got a jewelled war axe
  8753 | D:9      | Identified the cursed +1 war axe of a Million Planets
                  | {freeze, +Inv Dex+6} (You found it on level 9 of the
                  | Dungeon)
  9045 | D:9      | Found a bloodstained altar of Trog.
  9075 | D:9      | Lost intelligence.
  9135 | D:9      | Reached XP level 10. HP: 94/94 MP: 9/9
  9498 | D:10     | Entered Level 10 of the Dungeon
  9534 | D:10     | Reached skill level 11 in Fighting
  9710 | D:10     | Noticed a gargoyle
  9718 | D:10     | Killed a gargoyle
  9979 | D:10     | Reached ***** piety under Trog
  9986 | D:10     | Received a gift from Trog
 10110 | D:10     | Found a staircase to the Orcish Mines.
 10122 | D:10     | Reached skill level 12 in Fighting
 10221 | D:10     | Noticed Harold
 10237 | D:10     | Killed Harold
 10643 | D:11     | Found a staircase to the Lair.
 10650 | D:11     | Noticed a two-headed ogre
 10652 | D:11     | Reached skill level 10 in Axes
 10662 | D:11     | Killed a two-headed ogre
 10662 | D:11     | Reached XP level 11. HP: 22/105 MP: 10/10
 10923 | D:11     | Noticed Grum
 10951 | D:11     | Killed Grum
 11179 | D:11     | Noticed Maurice
 11189 | D:11     | Noticed Sonja
 11190 | D:11     | Killed Maurice
 11190 | D:11     | Reached skill level 13 in Fighting
 11195 | D:11     | Noticed Urug
 11197 | D:11     | Killed Sonja
 11209 | D:11     | Noticed a two-headed ogre
 11566 | D:11     | Killed Urug
 11568 | D:11     | Killed a two-headed ogre
 11568 | D:11     | Reached skill level 10 in Armour
 11889 | D:11     | Noticed Erica
 11899 | D:11     | Killed Erica
 11934 | D:11     | Noticed a two-headed ogre
 11940 | D:11     | Killed a two-headed ogre
 11940 | D:11     | Reached skill level 14 in Fighting
 12153 | D:11     | Noticed a four-headed hydra
 12163 | D:11     | Killed a four-headed hydra
 12552 | D:12     | Reached XP level 12. HP: 115/117 MP: 11/11
 12666 | D:12     | Got a distressingly furry cloak
 12679 | D:12     | Identified the +1 cloak of Xunnor {Dex+4} (You found it on
                  | level 12 of the Dungeon)
 12772 | D:12     | Noticed a two-headed ogre
 12784 | D:12     | Killed a two-headed ogre
 12922 | D:12     | Found Ihor's Antique Armour Emporium.
 13168 | D:12     | Identified a scroll of acquirement
 13170 | D:12     | Got the ring "Xonaosh" {MR+ AC+4}
 13225 | Lair:1   | Entered Level 1 of the Lair of Beasts
 13251 | Lair:1   | Noticed Fannar
 13268 | Lair:1   | Killed Fannar
 13589 | Lair:1   | Reached skill level 15 in Fighting
 13742 | Lair:1   | HP: 4/119 [molten gargoyle/+0 morningstar (5)]
 13742 | Lair:1   | HP: 1/119 [molten gargoyle/+0 morningstar (3)]
 13743 | Lair:1   | Demolished by a komodo dragon

Illustrated notes

Levels and vault maps discovered:
D:1:      tarquinn_simple_flora_water_e, layout_basic
D:2:      layout_basic, uniq_robin
D:3:      layout_rooms, first_ration, uniq_terence
D:4:      layout_gridville, minmay_temple_entry_grid,
          cheibrodos_sewer_entry_drain, ebering_dispersal_statue_hall
D:5:      layout_rooms, grunt_gozag_breadcrumbs
D:6:      layout_layer_cave
D:7:      layout_layer_cave
D:8:      cheibrodos_iron_armory, layout_loops_ring, hangedman_pestilent_swarm
D:9:      wander_river, layout_irregular_city, kennysheep_little_box
D:10:     layout_loops_ring, minmay_orc_entry_guard_dogs, uniq_harold
D:11:     layout_rooms, due_lair_maze_entry_diamond, uniq_erica, uniq_urug,
          uniq_grum, uniq_maurice, uniq_sonja
D:12:     layout_irregular_city, serial_shops, kennysheep_mini
Lair:1:   layout_gridlike, uniq_nergalle, uniq_fannar

Skill      XL: |  1  2  3  4  5  6  7  8  9 10 11 12 |
---------------+-------------------------------------+-----
Fighting       | 4 5 6 7 9 10 12 14 15 | 15.1
Axes           | 4 5 6 7 8 10 11 | 11.8
Armour         | 3 4 5 6 7 9 10 11 | 11.1
Polearms       | 1 3 4 6 |  6.1
Shields        | 1 3 5 7 9 |  9.9
Dodging        | |  2.1

Action                   |  1- 3 |  4- 6 |  7- 9 | 10-12 || total
-------------------------+-------+-------+-------+-------++-------
Melee: Hand axe          |   109 |   179 |       |       ||   288
       Headbutt          |    12 |    35 |    53 |   103 ||   203
       Spear             |       |    46 |   282 |     7 ||   335
       War axe           |       |       |    21 |   356 ||   377
Throw: Javelin           |       |     4 |    23 |     7 ||    34
Invok: Trog's Hand       |     1 |       |     6 |     9 ||    16
       Berserk           |     1 |       |     4 |     3 ||     8
  Use: Scroll            |     5 |     9 |    11 |     8 ||    33
       Potion            |       |       |       |     2 ||     2
  Eat: Chunk             |     3 |    10 |    11 |    16 ||    40
       Ration            |       |       |     3 |     2 ||     5
Armor: Animal skin       |    20 |       |       |       ||    20
       Ring mail         |    14 |    84 |       |       ||    98
       Chain mail        |       |     4 |   115 |   136 ||   255
Dodge: Dodged            |    54 |   120 |    76 |    94 ||   344
Block: Buckler           |       |       |    13 |       ||    13
       Kite shield       |       |       |    50 |   199 ||   249
